 Dungeon Crawl Stone Soup version 0.30-a0-509-gd016549fea (webtiles) character file.

Game seed: 8853842907298956067

682 Armakuni the Twirler (level 7, -6/54 HPs)
             Began as a Human Wanderer on Dec 21, 2022.
             Was an Initiate of Ru.
             Mangled by Menkaure (20 damage)
             ... on level 5 of the Dungeon on Dec 22, 2022.
             The game lasted 00:10:39 (4713 turns).

Armakuni the Twirler (Human Wanderer)               Turns: 4713, Time: 00:10:39

Health: -6/54      AC:  5    Str: 12 (15) XL:     7   Next: 93%
Magic:  7/7        EV: 11    Int:  7 (10) God:    Ru [......]
Gold:   229        SH:  0    Dex: 12 (14) Spells: 6/6 levels left

rFire   . . .      SeeInvis .    a - +4 dagger (venom)
rCold   . . .      Faith    .    (no shield)
rNeg    . . .      Spirit   .    g - +0 leather armour
rPois   .          Reflect  .    (no helmet)
rElec   .          Harm     .    (no cloak)
rCorr   .          Rampage  .    j - +0 pair of gloves
Will    .....                    e - +0 pair of boots
Stlth   ++........               (no amulet)
HPRegen 0.29/turn                (no ring)
MPRegen 0.10/turn                (no ring)

@: no status effects
A: no striking features
a: Renounce Religion


You were on level 5 of the Dungeon.
You worshipped Ru.
Ru was noncommittal.
You visited 1 branch of the dungeon, and saw 5 of its levels.

You collected 229 gold pieces.

Inventory:

Hand Weapons
 a - a +4 dagger of venom (weapon)
 d - a +0 spear
 l - a +0 dagger
 u - a +0 mace
Armour
 e - a +0 pair of boots (worn)
 g - a +0 leather armour (worn)
 j - a +0 pair of gloves (worn)
 n - a +0 scale mail
 p - a +0 ring mail
Magical Staves
 b - a staff of earth
Jewellery
 o - a ring of fire
Scrolls
 m - a scroll of magic mapping
 s - a scroll of silence
Potions
 h - 4 potions of brilliance
 k - 2 potions of mutation
 t - 3 potions of magic
 w - a potion of flight {unknown}


   Skills:
 - Level 4.0 Fighting
 - Level 2.0(3.6) Polearms
 - Level 4.7(5.0) Staves
 - Level 1.0 Armour
 - Level 2.0 Dodging
 - Level 4.0 Stealth
 + Level 3.2 Earth Magic
 + Level 3.2 Evocations


You had 6 spell levels left.
You didn't know any spells.
Your spell library contained the following spells:

 Spells                   Type           Power      Damage    Failure   Level
 Kiss of Death            Conj/Necr      0%         2d5       52%         1
 Shock                    Conj/Air       0%         1d3       52%         1
 Confusing Touch          Hex            0%         N/A       87%         3
 Dispel Undead            Necr           0%         3d6       99%         4


Dungeon Overview and Level Annotations

Branches:
Dungeon (5/15)
 Temple: D:4-7

Altars:
Kikubaaqudgha
Ru
Sif Muna
Wu Jian
Xom
Zin

Annotations:
D:5 Menkaure


Message History

You feel magically purged.
You feel yourself slow down.
There is a stone staircase leading up here.
You climb upwards.
There is a stone staircase leading down here.
You start resting.
HP restored.
Okay, then.
Unknown command.
There is an open door here.
You open the door.
There is an open door here.
There is an open door here.
There is an open door here.
There is a shimmering altar of Xom here.
There is an open door here.
There is an open door here.
There is a stone staircase leading down here.
You climb downwards.
Level annotation: Menkaure
There is a stone staircase leading up here.
Menkaure shouts!
Menkaure hits you.
You hit Menkaure but do no damage. Menkaure closely misses you.
You hit Menkaure but do no damage.
Menkaure mumbles some strange words.
Menkaure seems to speed up.
Your +4 dagger of venom begins to drip with poison!
a - a +4 dagger of venom (weapon)
You hit Menkaure but do no damage.
Menkaure calls on the powers of darkness!
Your body is wracked with pain!
You hit Menkaure.
Menkaure is lightly damaged.
Menkaure calls on the powers of darkness!
Your body is wracked with pain!
* * * LOW HITPOINT WARNING * * *
Menkaure sighs a few words.
Menkaure hits you!!
You die...

#..# #. ##
###########..###.
#.. ...##...M.......
#.####.##.####...##.
#.......#.# #.......
#.#.......# ##...###
#.#.##..### ##.##
#.#M##..# #.#
#..@....# #.#
#<.....## #+#
###.#### #.# #.#
#..# ..... ......#
......##


You could see Menkaure (fast).

Vanquished Creatures
  An ogre (D:4)
  A centaur (D:4)
  6 killer bees (D:5)
  4 orc wizards
  7 adders
  4 worms
  A dart slug (D:1)
  5 orcs
  9 ball pythons
  7 endoplasms
  3 giant cockroaches
  9 goblins
  5 hobgoblins
  4 jackals (D:1)
  2 quokkas
  A bat (D:3)
  3 frilled lizards (D:1)
  4 kobolds
  5 rats
81 creatures vanquished.

Notes
Turn   | Place    | Note
-------+----------+-------------------------------------------
     0 | D:1      | Armakuni the Human Wanderer began the quest for the Orb.
     0 | D:1      | Armakuni set off with the following items: a +0 dagger, an
                  | atropa-tipped dart, 2 datura-tipped darts, a +0 spear, a +0
                  | pair of boots, a potion of heal wounds, a +0 leather
                  | armour.
     0 | D:1      | Reached XP level 1. HP: 15/15 MP: 1/1
   193 | D:1      | Reached XP level 2. HP: 21/22 MP: 2/2
   617 | D:1      | Reached XP level 3. HP: 28/28 MP: 3/3
   617 | D:1      | Upgraded the game from 0.30-a0-476-g330ca2eb8e to
                  | 0.30-a0-509-gd016549fea
  1106 | D:2      | Found an ancient bone altar of Kikubaaqudgha.
  1385 | D:2      | Reached XP level 4. HP: 21/37 MP: 4/4
  1622 | D:2      | Found a faded altar of an unknown god.
  1677 | D:2      | Got Plato's Volume of Combat Magic
  2001 | D:2      | Reached skill level 1 in Staves
  2542 | D:3      | Reached XP level 5. HP: 32/42 MP: 5/5
  2599 | D:3      | Found a glowing silver altar of Zin.
  2847 | D:3      | Found an ornate altar of the Wu Jian Council.
  3090 | D:4      | Found a shimmering blue altar of Sif Muna.
  3131 | D:4      | Found a shimmering altar of Xom.
  3131 | D:4      | Noticed an ogre
  3143 | D:4      | Killed an ogre
  3144 | D:4      | Reached XP level 6. HP: 23/48 MP: 6/6
  3288 | D:4      | Found a sacrificial altar of Ru.
  3298 | D:4      | Became a worshipper of Ru the Awakened
  3812 | D:4      | Found an ancient bone altar of Kikubaaqudgha.
  4034 | D:5      | Entered Level 5 of the Dungeon
  4043 | D:5      | Reached skill level 1 in Earth Magic
  4043 | D:5      | Reached skill level 1 in Evocations
  4043 | D:5      | Reached XP level 7. HP: 37/54 MP: 7/7
  4211 | D:5      | Noticed Menkaure
  4713 | D:5      | Mangled by Menkaure

Illustrated notes

Levels and vault maps discovered:
D:1:      dpeg_chamrin_arrival_tetris, layout_basic
D:2:      layout_basic, shapermc_ecumenical_altar_rom_forum, basic_altar,
          roderic_serpentine_path
D:3:      layout_loops_cross, zin_academy, nicolae_wu_jian_immortal_techniques,
          kennysheep_generic_room_12
D:4:      layout_gridville, general_overflow_altar,
          nicolae_sif_muna_little_library, old_standard_altar,
          lemuel_crystal_altar
D:5:      layout_loops_corners, kennysheep_mini,
          mainiacjoe_overflow_cross_hatched, due_unseen_surprise, uniq_sigmund,
          uniq_menkaure

Skill      XL: |  1  2  3  4  5  6  7 |
---------------+----------------------+-----
Fighting       | 2 3 4 |  4.0
Staves         | 1 3 4 |  4.7
Earth Magic    | 1 3 |  3.2
Evocations     | 1 3 |  3.2
Polearms       | |  2.0
Armour         | |  1.0
Dodging        | |  2.0
Stealth        | |  4.0

Action                   |  1- 3 |  4- 6 |  7- 9 || total
-------------------------+-------+-------+-------++-------
Melee: Dagger            |   160 |    73 |    34 ||   267
       Staff             |       |    58 |     8 ||    66
       Mace              |       |    30 |     1 ||    31
       Punch             |       |     3 |       ||     3
  Use: Scroll            |     2 |     5 |     1 ||     8
       Potion            |     1 |     2 |     6 ||     9
 Stab: Sleeping          |     8 |     5 |       ||    13
       Invisible         |       |       |     4 ||     4
Armor: Leather armour    |    45 |    47 |     9 ||   101
Dodge: Dodged            |    96 |    98 |    25 ||   219

Table legend: (Time is in decaauts)
 A = Elapsed time spent in this place.
 B = Non-inter-level travel time spent in this place.
 C = Inter-level travel time spent in this place.
 D = Time resting spent in this place.
 E = Time spent auto-exploring this place.
 F = Levels seen in this place.
 G = Mean time per level.
                   A        B        C        D        E       F      G
               +--------+--------+--------+--------+--------+-----+--------+
         Total |   4723 |   4461 |    262 |    968 |   2430 |   5 |  944.6 |
       Dungeon |   4723 |   4461 |    262 |    968 |   2430 |   5 |  944.6 |
               +--------+--------+--------+--------+--------+-----+--------+

Top non-repeatable levels by time:
     D:4: 1303 daAuts
     D:2: 1130 daAuts
     D:1: 1107 daAuts
     D:3: 853 daAuts
     D:5: 329 daAuts
